 Dungeon Crawl Stone Soup version 0.21.1-1-g345015f (webtiles) character file.

143 Monsterracer the Conjurer (level 5, 0/31 HPs)
             Began as an Octopode Wizard on Feb 13, 2018.
             Slain by a gnoll
             ... wielding a +0 halberd
              (3 damage)
             ... on level 3 of the Dungeon.
             The game lasted 00:04:06 (3745 turns).

Monsterracer the Conjurer (Octopode Wizard)         Turns: 3745, Time: 00:04:07

Health: 0/31       AC:  3    Str:  6    XL:     5   Next: 25%
Magic:  3/9        EV: 13    Int: 21    God:
Gold:   184        SH:  0    Dex: 11    Spells: 1/10 levels left

rFire    + . .     SeeInvis .   a - +0 falchion
rCold    . . .     Gourm    +   (no shield)
rNeg     . . .     Faith    .   p - +2 hat
rPois    .         Spirit   .   o - amulet of the gourmand
rElec    .         Reflect  .   n - ring of loudness (curse)
rCorr    .         Harm     .   g - ring of protection from fire {!d}
MR       .....                  k - ring of wizardry
Stlth    ++........             (no ring)
HPRegen  0.10/turn              (no ring)
MPRegen  0.11/turn              (no ring)
                                (no ring)
                                (no ring)

@: very slightly contaminated
A: almost no armour, stealthy swim, amphibious, 8 rings, constrict 8, camouflage
1, gelatinous body 1
a: no special abilities


You were on level 3 of the Dungeon.
You were not hungry.

You visited 1 branch of the dungeon, and saw 3 of its levels.

You collected 184 gold pieces.

Inventory:

Hand Weapons
 a - a +0 falchion (weapon)
 e - a +0 dagger
Armour
 j - a +0 shield
 p - a +2 hat (worn)
Jewellery
 b - an uncursed ring of poison resistance {unknown}
 g - a ring of protection from fire (right tentacle) {!d}
 k - a ring of wizardry (on tentacle)
 n - a cursed ring of loudness (left tentacle)
 o - an amulet of the gourmand (around mantle)
Wands
 u - a wand of flame (30)
Scrolls
 f - 3 scrolls of identify {unknown}
 h - 2 scrolls of fear {unknown}
 i - 2 scrolls of remove curse {unknown}
 q - a scroll of enchant armour {unknown}
 r - a scroll of amnesia {unknown}
 s - a scroll of blinking {unknown}
Potions
 d - a potion of curing {unknown}
 l - 2 potions of flight {unknown}
 m - a potion of brilliance {unknown}
 t - a potion of berserk rage {unknown}
Comestibles
 c - 7 rations


   Skills:
 - Level 2.0 Dodging
 - Level 2.6 Stealth
 - Level 3.0 Spellcasting
 + Level 4.9 Conjurations
   Level 1.0 Summonings
 - Level 1.0 Translocations


You had one spell level left.
You knew the following spells:

 Your Spells              Type           Power        Failure   Level  Hunger
a - Magic Dart            Conj           ###.         1%          1    None
b - Conjure Flame         Conj/Fire      ##......     6%          3    ###....
c - Mephitic Cloud        Conj/Pois/Air  ##......     9%          3    ###....
e - Blink                 Tloc           N/A          5%          2    ##.....


Dungeon Overview and Level Annotations

Branches:
Dungeon (3/15)

Altars:
Gozag
Nemelex Xobeh
Okawaru


Innate Abilities, Weirdness & Mutations

You cannot wear most types of armour.
You are very stealthy in the water. (Stealth+)
You are amphibious.
You can wear up to eight rings at the same time.
You can use your tentacles to constrict eight enemies at once.
Your skin changes colour to match your surroundings (Stealth+).
Your rubbery body absorbs attacks. (AC +1, EV +1)


Message History

You miscast Magic Dart.
You are very lightly contaminated with residual magic.
Wisps of smoke drift from your tentacles.
You now have 1/8 mp.
Casting: Magic Dart
Confirm with . or Enter, or press ? or * to list all spells.
Aiming: Magic Dart
Press: ? - help, Shift-Dir - straight line, f/p - Natasha
Aim: Natasha (almost dead, confused)
The magic dart hits Natasha.
You kill Natasha!
Natasha screams in pain as she dies!
You have reached level 5!
You feel agile.
Health restored: 31 You now have 0/9 mp.
Unknown command.
Casting: Magic Dart
Confirm with . or Enter, or press ? or * to list all spells.
You don't have enough magic to cast that spell.
Your magical contamination has completely faded away.
You are feeling hungry.
MP restored: 9 You butcher the felid corpse of Natasha.
v - a chunk of flesh Eating a chunk of flesh.
You eat the chunk of flesh.
This raw flesh tastes great.
There is a stone staircase leading down here.
A gnoll comes into view. It is wielding a flail.
Casting: Magic Dart
Confirm with . or Enter, or press ? or * to list all spells.
Aiming: Magic Dart
Press: ? - help, Shift-Dir - straight line, f - gnoll
Aim: a gnoll, wielding a flail (resting)
The magic dart hits the gnoll.
The gnoll is moderately wounded.
The gnoll shouts!
You now have 8/9 mp.
Casting: Magic Dart
Confirm with . or Enter, or press ? or * to list all spells.
Aiming: Magic Dart
Press: ? - help, Shift-Dir - straight line, f/p - gnoll
Aim: a gnoll, wielding a flail (moderately wounded)
The magic dart hits the gnoll.
The gnoll is severely wounded. 2 gnolls come into view.
You now have 7/9 mp.
The gnoll shouts!
Casting: Magic Dart
Confirm with . or Enter, or press ? or * to list all spells.
Aiming: Conjure Flame
Press: ? - help, Dir - move target cursor, p - gnoll The fire ignites!
A gnoll comes into view. It is wielding a halberd.
You now have 4/9 mp.
The gnoll shouts!
Casting: Conjure Flame
Confirm with . or Enter, or press ? or * to list all spells.
Aiming: Mephitic Cloud
Press: ? - help, Shift-Dir - straight line, f - gnoll
Aim: a gnoll, wielding a flail (severely wounded)
You miscast Mephitic Cloud.
You are very lightly contaminated with residual magic.
Sparks fly from your tentacles!
You now have 2/9 mp.
You hit the gnoll but do no damage. Your grab misses the gnoll.
The gnoll is heavily wounded.
The gnoll hits you with a flail.
You take 4 damage, and have 27/31 hp.
You closely miss the gnoll. Your grab misses the gnoll. You squeeze the gnoll.
The gnoll is almost dead.
The gnoll closely misses you. The gnoll hits you with a flail.
You take 4 damage, and have 23/31 hp.
You hit the gnoll.
You kill the gnoll!
The gnoll hits you from afar with a halberd.
You take 2 damage, and have 21/31 hp.
Your magical contamination has completely faded away.
Casting: Mephitic Cloud
Confirm with . or Enter, or press ? or * to list all spells.
Aiming: Mephitic Cloud
Press: ? - help, Shift-Dir - straight line, f - gnoll
Aim: a gnoll, wielding a halberd
Okay, then.
The gnoll hits you from afar with a halberd.
You take 5 damage, and have 18/31 hp.
Casting: Mephitic Cloud
Confirm with . or Enter, or press ? or * to list all spells.
Aiming: Mephitic Cloud
Press: ? - help, Shift-Dir - straight line, f - gnoll
Aim: a gnoll, wielding a halberd You miscast Mephitic Cloud.
You are very lightly contaminated with residual magic.
You feel faint for a moment.
The gnoll hits you from afar with a halberd!
* * * LOW HITPOINT WARNING * * *
You take 15 damage, and have 3/31 hp.
MASSIVE DAMAGE!!
You now have 3/9 mp.
There is a stone staircase leading up here.
The gnoll hits you from afar with a halberd.
You die...

...#####..........#
..........#######.###
....................#
..........#..###.##.#
#...#..#............#
#.###..#.....##รท..###
..###..#..........#
.......#..........#
######.#......g.@.#
........>..#.#g.#.#####
######.###.#.#..[.....#
#.# #g#.#.##.###.# #.#
#.#.#.##.# #.# ######.#
#g#.#.##.# #.# .......#
#.#.#.##.# #.# ....####
#.#.#....# #.# ###.#
#.#.########.#


You could see 2 gnolls.

Vanquished Creatures
  Natasha (twice) (D:3)
  An iguana (D:2)
  A gnoll (D:3)
  An ooze (D:2)
  A dart slug (D:1)
  A leopard gecko (D:3)
  7 orcs
  3 bats (D:1)
  5 giant cockroaches
  2 goblins
  4 hobgoblins
  3 jackals (D:1)
  A quokka (D:2)
  2 ball pythons
  4 kobolds
  8 rats
46 creatures vanquished.

Notes
Turn   | Place    | Note
-------+----------+-------------------------------------------
     0 | D:1      | Monsterracer the Octopode Wizard began the quest for the Orb.
     0 | D:1      | Reached XP level 1. HP: 11/11 MP: 4/4
   319 | D:1      | Reached skill level 2 in Conjurations
   319 | D:1      | Reached XP level 2. HP: 17/17 MP: 4/6
   570 | D:1      | Learned a level 2 spell: Blink
  1521 | D:2      | Reached XP level 3. HP: 21/21 MP: 5/7
  1526 | D:2      | Learned a level 3 spell: Conjure Flame
  1755 | D:2      | Reached skill level 3 in Conjurations
  2044 | D:2      | Reached XP level 4. HP: 17/27 MP: 0/8
  2049 | D:2      | Learned a level 3 spell: Mephitic Cloud
  2378 | D:2      | Found a sparkling altar of Nemelex Xobeh.
  2518 | D:2      | Found an iron altar of Okawaru.
  2746 | D:3      | Reached skill level 4 in Conjurations
  2750 | D:3      | HP: 13/27 [orc/tomahawk (7)]
  2760 | D:3      | HP: 3/27 [orc/falchion (5)]
  2798 | D:3      | HP: 4/27 [orc/whip (2)]
  3119 | D:3      | Found an opulent altar of Gozag.
  3418 | D:3      | Noticed Natasha
  3426 | D:3      | Killed Natasha
  3573 | D:3      | Noticed Natasha
  3583 | D:3      | Killed Natasha
  3583 | D:3      | Reached XP level 5. HP: 31/31 MP: 0/9
  3743 | D:3      | HP: 3/31 [gnoll/halberd (15)]
  3745 | D:3      | Slain by a gnoll

Skill      XL: |  1  2  3  4 |
---------------+-------------+-----
Conjurations   | 2 3 4 |  4.9
Dodging        | |  2.0
Stealth        | |  2.6
Spellcasting   | |  3.0
Summonings     | |  1.0
Translocations | |  1.0

Action                   |  1- 3 |  4- 6 || total
-------------------------+-------+-------++-------
Melee: Dagger            |    17 |       ||    17
       Constrict         |     3 |     3 ||     6
       Tentacles         |     3 |     2 ||     5
       Falchion          |       |     7 ||     7
 Cast: Magic Dart        |    69 |    47 ||   116
       Conjure Flame     |     1 |     1 ||     2
       Mephitic Cloud    |       |     2 ||     2
  Eat: Chunk             |     3 |     6 ||     9
Armor: Skin              |     2 |     2 ||     4
Dodge: Dodged            |    17 |    10 ||    27
       Rpst.: Falchion   |       |     1 ||     1

Vault maps used:
D:1:      sevenhm_arrival_forest_fort_large_2
D:2:      lemuel_round_altar, minmay_misc_feat_nine_boxes,
          nemelex_dance_club_becter
D:3:      grunt_gozag_breadcrumbs, uniq_natasha
